 Dungeon Sprint DCSS version 0.15-a0-970-ga23ad50 (webtiles) character file.

805 MDvedh the Cruncher (level 7, -18/56 HPs)
             Began as a Gargoyle Gladiator on May 23, 2014.
             Was a Believer of Vehumet.
             Demolished by a cyclops (25 damage)
             ... in the Dungeon (Sprint IX: "|||||||||||||||||||||||||||||").
             The game lasted 00:02:12 (831 turns).

MDvedh the Cruncher (Gargoyle Gladiator)             Turns: 831, Time: 00:02:13

HP -18/56        AC 10     Str 19      XL: 7   Next: 91%
MP   2/10        EV 12     Int 10      God: Vehumet [**....]
Gold 0           SH  0     Dex 16      Spells:  1 memorised,  7 levels left

rFire  . . .     SeeInvis .     q - +4 quarterstaff (speed)
rCold  . . .     Clarity  .     b - +0 leather armour
rNeg   + . .     Conserve .     (no shield)
rPois  +         rCorr    .     c - +0 helmet
rElec  +         rRot     +     s - +0 cloak
SustAb .         Spirit   .     r - +0 pair of gloves
rMut   .         Warding  .     (no boots)
Gourm  .         NoTele   +     (no amulet)
MR     .....                    u - +3 ring of dexterity
                                t - +3 ring of dexterity

@: very slightly contaminated, not resistant to hostile enchantments, very
unstealthy
A: life protection 1, electricity resistance, unbreathing, petrification
resistance, AC +4
a: Renounce Religion


You were in the Dungeon.
You worshipped Vehumet.
Vehumet was pleased with you.
You were hungry.

You visited 1 branch

Inventory:

Hand weapons
 a - a +0,+0 quarterstaff
 q - a +4,+4 quarterstaff of speed (weapon)
Missiles
 d - 3 throwing nets (quivered)
Armour
 b - a +0 leather armour (worn)
 c - a +0 helmet (worn)
 r - a +0 pair of gloves (worn)
 s - a +0 cloak (worn)
Magical devices
 o - a wand of fire (7)
Comestibles
 f - a bread ration
 h - 4 chunks of troll flesh
Scrolls
 k - a scroll of blinking
 m - 3 scrolls of remove curse
 n - 2 scrolls of amnesia
Jewellery
 t - a +3 ring of dexterity (left hand)
 u - a +3 ring of dexterity (right hand)
Potions
 e - 5 potions of curing
 g - 2 potions of heal wounds
 i - 4 potions of magic
 l - a potion of invisibility
Magical staves
 p - an uncursed staff of energy


   Skills:
 - Level 12.5 Fighting
 - Level 12.7 Staves
 - Level 2.0 Throwing
 - Level 2.4 Dodging
 + Level 1.4 Spellcasting
 + Level 1.8 Conjurations
 + Level 1.5 Poison Magic


You had 7 spell levels left.
You knew the following spells:

 Your Spells              Type           Power        Failure   Level  Hunger
a - Sting                 Conj/Pois      #...         17%         1    ##.....


Dungeon Overview and Level Annotations

Branches:
Dungeon (1/1)

Altars:
Cheibriados
Dithmenos
Elyvilon
Fedhas
Gozag
Kikubaaqudgha
Makhleb
Nemelex Xobeh
Okawaru
Qazlal
Sif Muna
Trog
Vehumet
Xom
Yredelemnul
Zin
The Shining One
Beogh
Jiyva
Lugonu


Innate Abilities, Weirdness & Mutations

You are resistant to torment.
You are immune to poison.
You are immune to rotting.
Your stone body is very resilient (AC +4).
You resist negative energy.
You are resistant to electric shocks.
You can survive without breathing.
You are immune to petrification.


Message History

The orc wizard casts a spell.
The orc wizard flickers and vanishes!
Deactivating autopickup; reactivate with Ctrl-A.
Unknown command.
Casting: Sting
Confirm with . or Enter, or press ? or * to list all spells.
Aiming: Sting
Press: ? - help, Shift-Dir - straight line, f/p - cyclops
Aim: a cyclops You miscast Sting.
The air around you crackles with energy!
The cyclops throws a large rock.
The large rock hits you!
* * * LOW HITPOINT WARNING * * *
Unknown command.
You are feeling hungry.
There is an open door here.
You see here a giant frog corpse.
Unknown command.
You barely miss the cyclops. The cyclops hits you!!
You die... ▓▓▓▓▓▓▓▓▓▓▓▓▓▓▓▓▓▓▓▓▓▓▓▓ +.Z.KHC@(.).%%'..[..%... ▓▓▓▓▓▓▓▓▓▓▓▓▓▓▓▓▓▓▓▓▓▓▓▓

You could see a cyclops, a kobold demonologist, a hippogriff and a goblin skeleton.

Vanquished Creatures
  A hill giant (D)
  A troll (D)
  A centaur (D)
  A giant frog (D)
  An adder (D)
  A worm (D)
  A giant cockroach (D)
  2 goblins (D)
  A hobgoblin (D)
  2 giant geckos (D)
  2 hobgoblin skeletons (D)
  2 kobolds (D)
  A quokka skeleton (D)
17 creatures vanquished.

Notes
Turn   | Place    | Note
--------------------------------------------------------------
     0 | D        | MDvedh, the Gargoyle Gladiator, began the quest for the Orb.
     0 | D        | Reached XP level 1. HP: 12/12 MP: 1/1
    17 | D        | Reached skill level 4 in Staves
   310 | D        | Noticed a centaur
   314 | D        | Reached XP level 2. HP: 19/19 MP: 2/2
   321 | D        | Reached skill level 5 in Staves
   326 | D        | Killed a centaur
   326 | D        | Reached skill level 6 in Fighting
   326 | D        | Reached skill level 7 in Staves
   326 | D        | Reached XP level 3. HP: 12/28 MP: 3/3
   326 | D        | Reached XP level 4. HP: 13/32 MP: 4/4
   526 | D        | Found a glowing silver altar of Zin.
   526 | D        | Found a glowing golden altar of the Shining One.
   526 | D        | Found an ancient bone altar of Kikubaaqudgha.
   526 | D        | Found a basalt altar of Yredelemnul.
   526 | D        | Found a shimmering altar of Xom.
   526 | D        | Found a radiant altar of Vehumet.
   526 | D        | Found an iron altar of Okawaru.
   527 | D        | Found a burning altar of Makhleb.
   528 | D        | Found a deep blue altar of Sif Muna.
   529 | D        | Found a bloodstained altar of Trog.
   530 | D        | Found a sparkling altar of Nemelex Xobeh.
   531 | D        | Found a white marble altar of Elyvilon.
   532 | D        | Found a roughly hewn altar of Beogh.
   533 | D        | Found a viscous altar of Jiyva.
   534 | D        | Became a worshipper of Vehumet
   535 | D        | Found a corrupted altar of Lugonu.
   536 | D        | Found a blossoming altar of Fedhas.
   537 | D        | Found a snail-covered altar of Cheibriados.
   538 | D        | Found a shadowy altar of Dithmenos.
   539 | D        | Found a stormy altar of Qazlal.
   540 | D        | Found an opulent altar of Gozag.
   578 | D        | Noticed a troll
   578 | D        | Noticed a hill giant
   593 | D        | Acquired Vehumet's first power
   593 | D        | Offered knowledge of Sting by Vehumet.
   603 | D        | Killed a hill giant
   603 | D        | Reached skill level 11 in Fighting
   603 | D        | Reached XP level 5. HP: 45/45 MP: 5/5
   603 | D        | Reached XP level 6. HP: 50/50 MP: 6/6
   603 | D        | Reached XP level 7. HP: 54/55 MP: 7/7
   621 | D        | Killed a troll
   621 | D        | Reached skill level 12 in Fighting
   662 | D        | Learned a level 1 spell: Sting
   820 | D        | Noticed an orc wizard
   820 | D        | Noticed a kobold demonologist
   820 | D        | Noticed a hippogriff
   820 | D        | Noticed a cyclops
   820 | D        | Noticed a giant frog
   827 | D        | Killed a giant frog
   827 | D        | Offered knowledge of Throw Frost by Vehumet.
   827 | D        | Reached skill level 1 in Spellcasting
   827 | D        | Reached skill level 1 in Conjurations
   827 | D        | Reached skill level 1 in Poison Magic
   831 | D        | Demolished by a cyclops

Action                   |  1- 3 |  4- 6 |  7- 9 || total
-------------------------+-------+-------+-------++-------
Melee: Quarterstaff      |    38 |    21 |    11 ||    70
 Cast: Sting             |       |       |     2 ||     2
  Use: Potion            |       |     1 |     2 ||     3
       Scroll            |       |       |     1 ||     1
